 Dungeon Crawl Stone Soup version 0.29-a0-23-ga79f92ac9c (webtiles) character file.

Game seed: 7670548980756833394

355238 Ajdolov the Eclecticist (level 23, -2/195 HPs)
             Began as a Djinni Conjurer on Jan 29, 2022.
             Was a High Priest of Ashenzari.
             Killed from afar by a deep elf sorcerer (63 damage)
             ... with a bolt of acid
             ... on level 3 of the Elven Halls on Jan 30, 2022.
             The game lasted 04:18:11 (51310 turns).

Ajdolov the Eclecticist (Djinni Conjurer)          Turns: 51310, Time: 04:18:12

Health: -2/195     AC: 22    Str:  9    XL:     23   Next: 34%
Gold:   2084       EV: 18    Int: 31    God:    Ashenzari [*****.] SH: 14 Dex: 16

rFire   + + +      SeeInvis +   r - +2 spear "Bound Together" {freeze, *Noise rElec Dex+4, Cun, Self} (curse)
rCold   + . .      Faith    .   X - +0 kite shield
rNeg    + . .      Spirit   .   W - +4 ring mail of the Omniscient Comet {Drain rF+ rC+ rN+, Self, Melee} (curse)
rPois   ∞          Reflect  .   z - +0 helmet "Lashed Together" {Self, Cun} (curse)
rElec   +          Harm     .   S - +2 cloak "Share My Limitation" {Will+, Cun, Self} (curse)
rCorr   .          Rampage  .   y - +1 pair of gloves of Cremastomancy {Str+3, Evo, Self} (curse)
Will    ++++.      Clarity  +   (boots unavailable)
Stlth   ++........              Q - amulet "Cursed Together" {Regen+, Self, Evo} (curse)
HPRegen 1.22/turn               V - ring of the Lashed Fanaticism {rC+ Slay+2, Fort, Self} (curse)
MPRegen 0.00/turn               m - ring of the Unyielding Gaze {Will+, Evo, Self} (curse)

@: flying
A: sickness immunity, fire resistance 3, cold vulnerability 1, float, innate
caster, HP casting, extra vitality 1, iridescent scales 1
}: 2/15 runes: decaying, gossamer
a: Renounce Religion, Shatter the Chains


You were on level 3 of the Elven Halls.
You worshipped Ashenzari.
Ashenzari was extremely pleased with you.
You visited 8 branches of the dungeon, and saw 39 of its levels.
You visited 3 bazaars.
You also visited: Bailey, Ice Cave and Desolation.

You collected 4681 gold pieces.
You spent 2597 gold pieces at shops.

Inventory:

Hand Weapons
 r - the cursed +2 spear "Bound Together" (weapon) {freeze, *Noise rElec Dex+4, Cun, Self}
   (You found it on level 4 of the Lair of Beasts)

   It freezes those it strikes, dealing additional cold damage.
   It can also slow down cold-blooded creatures.
   Dex:       It affects your dexterity (+4).
   rElec:     It insulates you from electricity.
   *Noise:    It may make noises in combat.
   It has a curse which improves the following skills: Cunning: Dodging and
   Stealth.
   Introspection: Fighting and Spellcasting.
Missiles
 T - a throwing net
Armour
 y - the cursed +1 pair of gloves of Cremastomancy (worn) {Str+3, Evo, Self}
   (You found it on level 7 of the Dungeon)

   It has a curse which improves the following skills: Evocations: Evocations.
   Introspection: Fighting and Spellcasting.
 z - the cursed +0 helmet "Lashed Together" (worn) {Self, Cun}
   (You bought it in a shop on level 7 of the Dungeon)

   It has a curse which improves the following skills: Introspection: Fighting
   and Spellcasting.
   Cunning:   Dodging and Stealth.
 S - the cursed +2 cloak "Share My Limitation" (worn) {Will+, Cun, Self}
   (You took it off Maurice on level 1 of the Orcish Mines)

   It has a curse which improves the following skills: Cunning: Dodging and
   Stealth.
   Introspection: Fighting and Spellcasting.
 W - the cursed +4 ring mail of the Omniscient Comet (worn) {Drain rF+ rC+ rN+, Self, Melee}
   (You bought it in a shop in a bazaar)

   rF:        It protects you from fire.
   rC:        It protects you from cold.
   rN:        It protects you from negative energy.
   Drain:     It drains your maximum health when unequipped.
   It has a curse which improves the following skills: Introspection: Fighting
   and Spellcasting.
   Melee Combat: Short Blades, Long Blades, Axes, Maces & Flails, Polearms,
   Staves and Unarmed Combat.
 X - a +0 kite shield (worn)
Magical Staves
 H - a staff of air
Jewellery
 m - the cursed ring of the Unyielding Gaze (right hand) {Will+, Evo, Self}
   (You bought it in a shop on level 2 of the Orcish Mines)

   [ring of willpower]

   Will:      It increases your willpower.
   It has a curse which improves the following skills: Evocations: Evocations.
   Introspection: Fighting and Spellcasting.
 F - a ring of fire
 J - a +4 ring of evasion
 K - a +4 ring of evasion
 Q - the cursed amulet "Cursed Together" (around neck) {Regen+, Self, Evo}
   (You found it on level 13 of the Dungeon)

   [amulet of regeneration]

   Regen:     It increases your rate of health regeneration.
   It has a curse which improves the following skills: Introspection: Fighting
   and Spellcasting.
   Evocations: Evocations.
 V - the cursed ring of the Lashed Fanaticism (left hand) {rC+ Slay+2, Fort, Self}
   (You found it in an ice cave)

   [ring of protection from cold]

   Slay:      It affects your accuracy & damage with ranged weapons and melee
   (+2).
   rC:        It protects you from cold.
   It has a curse which improves the following skills: Fortitude: Armour and
   Shields.
   Introspection: Fighting and Spellcasting.
Wands
 k - a wand of iceblast (42)
 q - a wand of flame (40)
 x - a wand of polymorph (31)
 A - a wand of paralysis (15)
 G - a wand of charming (18)
 L - a wand of mindburst (5)
 N - a wand of acid (21)
 R - a wand of digging (8)
Scrolls
 a - 6 scrolls of enchant weapon
 c - 8 scrolls of magic mapping
 f - 7 scrolls of blinking
 g - 13 scrolls of fear
 l - 7 scrolls of fog
 n - 5 scrolls of noise
 s - 22 scrolls of teleportation
 u - 3 scrolls of silence
 D - 5 scrolls of summoning
 I - 5 scrolls of immolation
 M - a scroll of brand weapon
 O - 3 scrolls of enchant armour
 P - 5 scrolls of holy word
Potions
 b - 17 potions of curing
 d - 9 potions of brilliance
 e - 11 potions of ambrosia
 i - 6 potions of might
 j - 2 potions of resistance
 o - 11 potions of mutation
 p - 14 potions of heal wounds
 t - 11 potions of haste
 v - 3 potions of cancellation
 B - 5 potions of berserk rage
 C - 2 potions of invisibility
 E - 5 potions of attraction
Miscellaneous
 w - a phial of floods
 U - a condenser vane


   Skills:
 - Level 16.5(25.2) Fighting
 - Level 9.6(12.0) Polearms
 * Level 12.1(14.4) Armour
 - Level 14.5(18.9) Dodging
 - Level 1.5(4.4) Stealth
 - Level 13.1(15.3) Shields
 - Level 18.8(27) Spellcasting
 - Level 14.4(18.8) Evocations


You had 9 spell levels left.
You knew the following spells:

 Your Spells              Type           Power      Damage    Failure   Level
a - Magic Dart            Conj           100%       1d8       0%          1
b - Searing Ray           Conj           100%       2d8       0%          2
c - Dazzling Flash        Conj/Hex       100%       N/A       0%          3
d - Fulminant Prism       Conj/Hex       59%        3d25      0%          4
e - Iskenderun's Mystic   Conj/Tloc      100%       2d19      0%          4
f - Pain                  Necr           100%       1d9       0%          1
g - Wereblood             Tmut           100%       N/A       0%          2
h - Poisonous Vapours     Pois/Air       100%       N/A       0%          2
i - Flame Wave            Conj/Fire      100%       2d17      0%          4
j - Hailstorm             Conj/Ice       100%       3d20      0%          4
k - Lee's Rapid Deconstr  Erth           59%        3d28*     0%          5
l - Summon Cactus Giant   Summ           59%        N/A       0%          6
m - Orb of Destruction    Conj           59%        9d14      1%          7
n - Enfeeble              Hex            59%        N/A       1%          7
o - Dragon Form           Tmut           59%        N/A       1%          7
p - Necromutation         Tmut/Necr      59%        N/A       1%          8
Your spell library was empty.

Dungeon Overview and Level Annotations

Branches:
Dungeon (15/15)            Temple (1/1) D:5            Lair (6/6) D:8
  Swamp (4/4) Lair:4       Spider (4/4) Lair:4        Slime (0/5) Lair:6
    Orc (2/2) D:12            Elf (3/3) Orc:2        Vaults (4/5) D:14
  Crypt (0/3) Vaults:2     Depths (0/4) D:15         Bailey (visited)
  IceCv (visited)         Desolation (visited)

Altars:
Ashenzari
Cheibriados
Dithmenos
Elyvilon
Fedhas
Gozag
Hepliaklqana
Kikubaaqudgha
Makhleb
Nemelex Xobeh
Okawaru
Qazlal
Ru
Sif Muna
Trog
Uskayaw
Vehumet
Wu Jian
Xom
Yredelemnul
Zin
The Shining One
Beogh
Lugonu

Shops:
D:2 !   D:7 *   Orc:2 =:?[   Elf:1 =   Elf:2 ((*

Portals:
Abyss: Lair:6
Trove: D:10 (give 7 potions of haste)

Annotations:
D:3 3 runed translucent doors, exclusion: scorpion, kibaces's ghost, amateur DrCA
Lair:3 exclusions: sensed monster (detected) and 1 more exclusion
Lair:6 2 transporters, SlyGuyMcFly's ghost, journeyman VSBr
Spider:1 exclusion: downstairs
Orc:2 exclusion: door
Elf:2 3 runed translucent doors
Elf:3 1 runed translucent door, Hasart's ghost, adept DgFi


Innate Abilities, Weirdness & Mutations

You are immune to sickness and miasma.
You are immune to poison.
Your flesh is almost immune to the effects of heat. (rF+++)
You are vulnerable to cold. (rC-)
You float through the air rather than walking.
You learn spells naturally, not from books.
Your magical power is your life essence.
You have superior vitality. (+4 MHP)
You are partially covered in iridescent scales. (AC +2)


Message History

Confirm with . or Enter, or press ? or * to list all spells.
You erupt in a blast of force!
The mystic blast hits the deep elf blademaster!!
The deep elf blademaster is heavily wounded.
The deep elf blademaster is knocked back by the mystic blast.
Unknown command.
Casting: Iskenderun's Mystic Blast (safe; 0% risk of failure)
Confirm with . or Enter, or press ? or * to list all spells.
Casting: Hailstorm (safe; 0% risk of failure)
Press: ? - help, Dir - look around, f - activate A cannonade of hail descends around you!
The hail pelts the deep elf blademaster!!
The deep elf blademaster is severely wounded.
The deep elf zephyrmancer casts a spell.
The deep elf zephyrmancer blinks!
An earth elemental comes into view.
A deep elf annihilator comes into view. It is wielding a +0 long sword.
The deep elf blademaster hits you with a +3 rapier!
The deep elf blademaster misses you.
The deep elf sorcerer gestures wildly while chanting.
The deep elf sorcerer seems to speed up.
The deep elf annihilator gestures wildly while chanting.
The deep elf annihilator blinks!
You block the deep elf blademaster's attack.
The deep elf blademaster hits you with a +3 rapier!
Items here: )) [ †.
The deep elf blademaster hits you with a +3 rapier.
The deep elf blademaster hits you but does no damage.
Casting: Hailstorm (safe; 0% risk of failure)
Confirm with . or Enter, or press ? or * to list all spells.
You erupt in a blast of force!
The mystic blast hits the deep elf blademaster!!
The deep elf blademaster is almost dead.
The deep elf blademaster is knocked back by the mystic blast.
The deep elf blademaster slams into the rock wall!
You kill the deep elf blademaster!
You hear a shout!
The deep elf sorcerer points at you and mumbles some strange words.
The bolt of acid hits you!!!
You die...

#...................####.##
#..................)####.##
#........................##
##.....##...........#######
#.....####....)..#########
##########.....###########
#####...#############
#####.)..############
###.@.)...### ######
###)##.#..# #.....
###..))##.# #.####
###e..##### ###### *
####.#.### *###### ***
##.#.#.### * *.##.## *,,, *
#.#{#.## * .##.## * ,
#.#{#.#** ,,.##... * ,,
###e### , , .##.##


You could see a deep elf sorcerer (fast).

Vanquished Creatures
  Mara (Swamp:4)
  Sojobo (Vaults:3)
  Bai Suzhen (Swamp:4)
  Saint Roka (Vaults:3)
  Jory (Vaults:3)
  Nikola (Elf:1)
  Mlioglotl (Spider:2)
  2 deep elf blademasters (Elf:3)
  Asterion (Elf:3)
  A deep elf master archer (Elf:3)
  The ghost of kibaces the Tortoise, an adept MiFi of Hepliaklqana (Swamp:4)
  Kirke (Swamp:4)
  A sphinx (Vaults:4)
  Roxanne (Swamp:2)
  2 tengu reavers (Vaults:3)
  4 emperor scorpions
  A fenstrider witch (Swamp:4)
  9 vault wardens
  Aizul (Swamp:3)
  A deep elf sorcerer (Elf:3)
  5 orc warlords
  A deep elf elementalist (Elf:3)
  6 ghost moths
  13 ironbound preservers
  3 broodmothers
  5 war gargoyles
  11 very ugly things
  5 ironbound thunderhulks
  3 ghouls (Swamp:3)
  5 deep elf demonologists (Elf:3)
  An eleionoma (Swamp:3)
  12 dire elephants
  6 deep elf annihilators
  2 spark wasps
  6 bunyips
  4 entropy weavers
  Snorg (Lair:3)
  3 crystal guardians
  Josephine (Lair:6)
  An ettin (Orc:2)
  3 shambling mangroves
  A ragged hierophant (Desolation)
  2 fire dragons (Lair:6)
  24 hydras
  12 yaktaur captains
  3 great orbs of eyes
  2 deep elf high priests (Elf:3)
  6 vault guards
  A servant of whispers (Desolation)
  12 boulder beetles
  6 peacekeepers
  A caustic shrike simulacrum (IceCv)
  5 radroaches
  A catoblepas (Lair:4)
  7 ironbound frosthearts
  3 ghost crabs
  4 jorogumos
  2 death scarabs (Spider:1)
  A death knight (D:14)
  9 alligators
  10 centaur warriors
  18 dancing weapons
  A vampire mage (Vaults:2)
  Urug (Lair:2)
  6 two-headed ogres
  A soul eater (Vaults:2)
  4 hell knights (Vaults:1)
  11 deep elf knights
  5 orc high priests
  7 pharaoh ants
  A sun moth (Spider:4)
  9 spriggans
  5 skeletal warriors
  3 steelbarb worms
  2 goliath frogs
  5 bog bodies
  6 spriggan druids
  37 deep trolls
  17 orb spiders
  9 deep elf archers
  12 swamp dragons
  2 orange crystal statues (IceCv)
  12 lindwurms
  A phantasmal warrior (Vaults:2)
  13 wizards
  11 orc knights
  16 ironbound convokers
  27 wolf spiders
  15 deep elf pyromancers
  18 deep elf zephyrmancers
  3 necromancers
  27 ugly things
  A salamander (D:15)
  8 orc sorcerers (Orc:2)
  3 will-o-the-wisps
  8 moths of wrath
  Maurice (Orc:1)
  3 cyclopes
  8 vault sentinels
  4 black mambas
  8 elephants
  13 torpor snails
  13 cane toads
  9 rime drakes
  7 komodo dragons
  A yaktaur zombie (Vaults:3)
  An unseen horror (D:11)
  4 freezing wraiths
  13 demonic crawlers
  2 efreet
  3 anaconda simulacra (IceCv)
  39 yaktaurs
  4 golden dragon simulacra (IceCv)
  12 tyrant leeches
  6 trolls
  15 meliai
  30 tarantellas
  2 human skeletons (Vaults:3)
  17 hornets
  9 saltlings
  A dream sheep (Lair:4)
  35 slime creatures
  A meliai zombie (D:10)
  11 blink frogs
  22 culicivoras
  24 jumping spiders
  3 water elementals
  4 vampires
  2 air elementals (Elf:3)
  2 dire elephant simulacra (IceCv)
  3 wyverns
  A fire elemental (Elf:1)
  3 wraiths (Lair:6)
  55 yaks
  2 basilisks
  2 hogs (Swamp:4)
  Eustachio (D:6)
  A human simulacrum (Vaults:3)
  5 steam dragons
  59 redbacks
  6 vampire mosquitoes
  A harpy simulacrum (IceCv)
  15 swamp worms
  2 wargs
  Menkaure (D:6)
  4 acid dragons
  10 water moccasins
  2 hydra simulacra (IceCv)
  6 swamp drakes
  A black bear (D:6)
  19 ogres
  An ice beast (D:6)
  A sky beast (D:7)
  43 orc warriors
  2 alligator simulacra (IceCv)
  An ettin simulacrum (IceCv)
  16 wolves
  4 boggarts (D:12)
  2 necrophages
  8 centaurs
  3 kobold brigands
  A gnoll sergeant (D:6)
  14 bullfrogs
  A scorpion (D:4)
  2 earth elementals (Elf:2)
  A wyvern skeleton (D:6)
  A water moccasin skeleton (D:5)
  14 killer bees
  A lindwurm simulacrum (IceCv)
  9 wights
  4 electric eels
  6 howler monkeys
  2 centaur zombies
  A centaur skeleton (D:6)
  6 hounds
  5 jellies
  A bullfrog skeleton (D:6)
  28 orc priests
  29 orc wizards
  Natasha (thrice) (D:3)
  8 iguanas
  A killer bee zombie (D:4)
  10 gnolls
  4 adders
  A shadow imp (D:6)
  2 ufetubi
  2 worms
  A worm (shapeshifter) (Elf:1)
  2 dart slugs
  115 orcs
  4 ball pythons
  15 endoplasms
  2 giant cockroaches
  9 goblins
  8 hobgoblins
  32 kobolds
  3 quokkas
  7 bats
  8 frilled lizards
  6 rats
  3 fulminant prisms
1548 creatures vanquished.

Vanquished Creatures (collateral kills)
  A broodmother (Spider:2)
  An ironbound frostheart (Vaults:2)
  2 deep elf pyromancers (Elf:3)
  A redback (Spider:2)
5 creatures vanquished.

Vanquished Creatures (others)
  A tarantella (Spider:4)
  An air elemental (Elf:3)
  11 foxfires
  203 fulminant prisms
  43 fungi
  109 plants
368 creatures vanquished.

Grand Total: 1921 creatures vanquished

Notes
Turn   | Place    | Note
-------+----------+-------------------------------------------
     0 | D:1      | Ajdolov the Djinni Conjurer began the quest for the Orb.
     0 | D:1      | Reached XP level 1. HP: 15/15 MP: 0/0
   127 | D:1      | Reached XP level 2. HP: 14/21 MP: 0/0
   935 | D:1      | Reached XP level 3. HP: 25/25 MP: 0/0
   935 | D:1      | Learned a level 1 spell: Pain
  1183 | D:1      | Reached skill level 4 in Spellcasting
  2133 | D:2      | Reached XP level 4. HP: 29/31 MP: 0/0
  2198 | D:2      | Found Pumanil's Distillery.
  2534 | D:3      | Noticed a scorpion
  2562 | D:3      | Found a snail-covered altar of Cheibriados.
  2934 | D:3      | Noticed Natasha
  2942 | D:3      | Killed Natasha
  2943 | D:3      | Reached XP level 5. HP: 28/35 MP: 0/0
  2943 | D:3      | Learned a level 2 spell: Wereblood
  3050 | D:3      | Reached skill level 5 in Spellcasting
  3148 | D:3      | Noticed Natasha
  3159 | D:3      | Killed Natasha
  3428 | D:3      | Noticed Natasha
  3433 | D:3      | Killed Natasha
  3434 | D:3      | Reached XP level 6. HP: 35/40 MP: 0/0
  3492 | D:3      | Found a runed translucent gate.
  3498 | D:3      | Found a runed translucent gate.
  3499 | D:3      | Found a runed translucent gate.
  3499 | D:3      | Noticed kibaces's ghost (amateur DrCA)
  4419 | D:4      | Noticed an ogre
  4430 | D:4      | Killed an ogre
  4431 | D:4      | Reached skill level 6 in Spellcasting
  4431 | D:4      | Reached XP level 7. HP: 37/45 MP: 0/0
  4431 | D:4      | Learned a level 2 spell: Poisonous Vapours
  5243 | D:5      | Entered Level 5 of the Dungeon
  5411 | D:5      | Reached skill level 7 in Spellcasting
  5543 | D:5      | Found a faded altar of an unknown god.
  5543 | D:5      | Found a faded altar of an unknown god.
  5543 | D:5      | Found a faded altar of an unknown god.
  5555 | D:5      | Reached XP level 8. HP: 24/50 MP: 0/0
  5722 | D:5      | Found a hazy altar of Hepliaklqana.
  5939 | D:5      | Found a staircase to the Ecumenical Temple.
  5945 | Temple   | Entered the Ecumenical Temple
  7515 | D:6      | Found an iron altar of Okawaru.
  7553 | D:6      | Reached skill level 8 in Spellcasting
  7763 | D:6      | Noticed Eustachio
  7775 | D:6      | Killed Eustachio
  7787 | D:6      | Reached XP level 9. HP: 13/55 MP: 0/0
  7787 | D:6      | Learned a level 4 spell: Flame Wave
  8053 | D:6      | Reached skill level 9 in Spellcasting
  8053 | D:6      | Gained mutation: You are strong-willed. (Will+) [potion of
                  | mutation]
  8053 | D:6      | Gained mutation: You have a pair of small antennae on your
                  | head. [potion of mutation]
  8391 | D:6      | Noticed Menkaure
  8541 | D:6      | Killed Menkaure
  9253 | D:6      | Found a basalt altar of Yredelemnul.
  9417 | D:6      | Found a white marble altar of Elyvilon.
  9764 | D:7      | Found a flagged portal.
  9770 | Bailey   | Entered a bailey
  9778 | Bailey   | Noticed an orc warlord
  9999 | Bailey   | Reached skill level 10 in Spellcasting
 10012 | Bailey   | Noticed an orc knight
 10260 | Bailey   | Killed an orc knight
 10261 | Bailey   | Reached XP level 10. HP: 36/60 MP: 0/0
 10455 | Bailey   | Found a runed translucent gate.
 10456 | Bailey   | Found a runed translucent gate.
 10457 | Bailey   | Found a runed translucent gate.
 10557 | Bailey   | Killed an orc warlord
 10558 | Bailey   | Reached skill level 11 in Spellcasting
 10680 | Bailey   | Reached skill level 10 in Fighting
 10680 | Bailey   | Reached XP level 11. HP: 85/85 MP: 0/0
 10680 | Bailey   | Learned a level 4 spell: Hailstorm
 10906 | D:7      | Found a hide-covered altar of Uskayaw.
 11064 | D:7      | Found a blossoming altar of Fedhas.
 11088 | D:7      | Found Paefedir's General Store.
 11091 | D:7      | Bought a potion of curing for 39 gold pieces
 11091 | D:7      | Lost mutation: You are strong-willed. (Will+) [potion of
                  | mutation]
 11091 | D:7      | Lost mutation: You have a pair of small antennae on your
                  | head. [potion of mutation]
 11091 | D:7      | Gained mutation: Your flesh is almost immune to the effects
                  | of heat. (rF+++) [potion of mutation]
 11091 | D:7      | Gained mutation: You are partially covered in iridescent
                  | scales. (AC +2) [potion of mutation]
 11092 | D:7      | Bought a +0 helmet for 58 gold pieces
 11699 | D:8      | Found a staircase to the Lair.
 11805 | D:8      | Reached skill level 12 in Spellcasting
 12347 | D:8      | Found a stormy altar of Qazlal.
 12425 | D:8      | Found a broken altar of Ashenzari.
 12429 | D:8      | Saw a vision of the Swamp and the Spider Nest.
 12429 | D:8      | Noticed a wolf spider
 12429 | D:8      | Noticed a goliath frog
 12430 | D:8      | Noticed a goliath frog
 12433 | D:8      | Became a worshipper of Ashenzari the Shackled
 12811 | D:9      | Noticed a two-headed ogre
 12817 | D:9      | Killed a two-headed ogre
 12931 | D:9      | Noticed a two-headed ogre
 12963 | D:9      | Reached XP level 12. HP: 80/91 MP: 0/0
 13112 | D:9      | Killed a two-headed ogre
 13114 | D:9      | Reached skill level 13 in Spellcasting
 13857 | D:9      | Found a bloodstained altar of Trog.
 14054 | D:10     | Entered Level 10 of the Dungeon
 14713 | D:10     | Found a glowing silver altar of Zin.
 14714 | D:10     | Noticed an angel
 14816 | D:10     | Reached skill level 1 in Shields
 14928 | D:10     | Found a portal to a secret trove of treasure.
 15113 | D:10     | Reached * piety under Ashenzari
 15130 | D:10     | Found an opulent altar of Gozag.
 15172 | D:10     | Noticed a centaur warrior
 15182 | D:10     | Noticed a two-headed ogre
 15184 | D:10     | Killed a centaur warrior
 15187 | D:10     | Killed a two-headed ogre
 15594 | D:11     | Identified the +2 robe of Curiosity {rF+ SInv}
 16208 | D:11     | Reached ** piety under Ashenzari
 16418 | Lair:1   | Entered Level 1 of the Lair of Beasts
 16424 | Lair:1   | Reached skill level 14 in Spellcasting
 16427 | Lair:1   | Reached XP level 13. HP: 78/101 MP: 0/0
 16427 | Lair:1   | Learned a level 5 spell: Lee's Rapid Deconstruction
 16624 | Lair:1   | Reached skill level 5 in Shields
 17149 | Lair:1   | Reached *** piety under Ashenzari
 17366 | Lair:1   | Noticed a seven-headed hydra
 17370 | Lair:1   | Killed a seven-headed hydra
 17532 | Lair:1   | Identified a scroll of acquirement
 17958 | Lair:2   | Noticed a six-headed hydra
 18098 | Lair:2   | Killed a six-headed hydra
 18438 | Lair:2   | Noticed Urug
 18449 | Lair:2   | Killed Urug
 19393 | Lair:3   | Noticed Snorg
 19398 | Lair:3   | Killed Snorg
 19587 | Lair:3   | Noticed a four-headed hydra
 19593 | Lair:3   | Killed a four-headed hydra
 19767 | Lair:3   | Noticed a boulder beetle
 19779 | Lair:3   | Killed a boulder beetle
 21018 | Lair:4   | Reached **** piety under Ashenzari
 21045 | Lair:4   | Reached skill level 15 in Spellcasting
 21055 | Lair:4   | Reached XP level 14. HP: 63/112 MP: 0/0
 21561 | Lair:4   | Found a staircase to the Swamp.
 22012 | Lair:4   | Found a hole to the Spider Nest.
 22259 | Lair:4   | Reached skill level 10 in Shields
 22799 | Lair:4   | Identified the +2 spear of Titirr {freeze, *Noise rElec
                  | Dex+4}
 23965 | Lair:6   | Entered Level 6 of the Lair of Beasts
 24110 | Lair:6   | Found a staircase to the Slime Pits.
 24301 | Lair:6   | Noticed SlyGuyMcFly's ghost (journeyman VSBr)
 24385 | Lair:6   | Noticed a cacodemon
 24388 | Lair:6   | Found a one-way gate to the infinite horrors of the Abyss.
 24421 | Lair:6   | Noticed Josephine
 24425 | Lair:6   | Killed Josephine
 24684 | Lair:6   | Found a transporter.
 24688 | Lair:6   | Identified the ring of the Lotus Blossom {rElec Will+ SInv}
 25396 | Lair:6   | Found a runed translucent door.
 25729 | Lair:6   | Reached skill level 5 in Dodging
 25922 | Lair:6   | Reached skill level 16 in Spellcasting
 25922 | Lair:6   | Reached XP level 15. HP: 89/115 MP: 0/0
 25922 | Lair:6   | Learned a level 6 spell: Summon Cactus Giant
 26275 | Lair:6   | Found a transporter.
 27988 | D:12     | Noticed a green very ugly thing
 27994 | D:12     | Killed a green very ugly thing
 28126 | D:12     | Identified the +1 ring mail of Amorality {Rampage *Slow
                  | +Blink Fly}
 28208 | D:12     | Found a staircase to the Orcish Mines.
 28430 | D:12     | Reached ***** piety under Ashenzari
 29320 | Orc:1    | Entered Level 1 of the Orcish Mines
 29335 | Orc:1    | Noticed Maurice
 29340 | Orc:1    | Killed Maurice
 29750 | Orc:2    | Entered Level 2 of the Orcish Mines
 30100 | Orc:2    | Noticed an orc warlord
 30202 | Orc:2    | Found Ruesimnuif's Book Shoppe.
 30233 | Orc:2    | Found Damya's Jewellery Emporium.
 30589 | Orc:2    | Reached skill level 1 in Armour
 30671 | Orc:2    | Killed an orc warlord
 30942 | Orc:2    | Found a staircase to the Elven Halls.
 31087 | Orc:2    | Noticed an orc warlord
 31096 | Orc:2    | Killed an orc warlord
 31101 | Orc:2    | Reached XP level 16. HP: 82/132 MP: 0/0
 31109 | Orc:2    | Reached skill level 17 in Spellcasting
 31380 | Orc:2    | Found Pitsourgh's Magic Scroll Shop.
 31426 | Orc:2    | Found Coeqomn's Armour Boutique.
 31573 | Orc:2    | Bought a ring of willpower for 400 gold pieces
 31729 | D:14     | Found a flickering gateway to a bazaar.
 31735 | Bazaar   | Entered a bazaar
 31749 | Bazaar   | Found Kuupn's Antique Weapon Emporium.
 31749 | Bazaar   | Found Puicy Aqa's Antique Weapon Emporium.
 31781 | Bazaar   | Found Elaz's Book Shoppe.
 31781 | Bazaar   | Found Waick's General Store.
 31878 | D:14     | Found a gate to the Vaults.
 32347 | D:14     | Reached ****** piety under Ashenzari
 32445 | D:14     | Found a shadowy altar of Dithmenos.
 32528 | D:15     | Entered Level 15 of the Dungeon
 32530 | D:15     | Reached skill level 5 in Armour
 33055 | D:15     | Found a staircase to the Depths.
 33558 | Spider:1 | Entered Level 1 of the Spider Nest
 33732 | Lair:4   | Reached skill level 10 in Dodging
 33859 | Spider:1 | Reached XP level 17. HP: 68/145 MP: 0/0
 33859 | Spider:1 | Learned a level 7 spell: Orb of Destruction
 35147 | Spider:2 | Noticed Mlioglotl
 35306 | Spider:2 | Identified the +6 whip "Faag" {drain, rF+ Will+ Int+4}
 35328 | Spider:2 | Killed Mlioglotl
 35996 | Spider:3 | Found a frozen archway.
 36014 | IceCv    | Entered an ice cave
 36029 | IceCv    | Reached XP level 18. HP: 104/155 MP: 0/0
 36182 | IceCv    | Identified the ring "Tefupeaxan" {rC+ Slay+2}
 36809 | Spider:4 | Entered Level 4 of the Spider Nest
 37023 | Spider:3 | Reached skill level 18 in Spellcasting
 37711 | Spider:4 | Got a gossamer rune of Zot
 37875 | Spider:4 | Identified the -4 hat of Laigep {Rampage rPois rC- Int+2}
 38004 | Swamp:1  | Entered Level 1 of the Swamp
 38009 | Swamp:1  | Identified the +3 scale mail of Incorporation {rN+ Will+
                  | rCorr}
 38013 | Swamp:1  | Reached XP level 19. HP: 129/164 MP: 0/0
 38013 | Swamp:1  | Learned a level 7 spell: Enfeeble
 38239 | Swamp:1  | Reached skill level 10 in Armour
 38506 | Swamp:2  | Reached skill level 1 in Evocations
 38543 | Swamp:2  | Reached skill level 1 in Polearms
 38676 | Swamp:2  | Identified the Almanac of Scorching Transmutation
 38819 | Swamp:2  | Noticed Roxanne
 38829 | Swamp:2  | Killed Roxanne
 39443 | Swamp:3  | Identified the +6 hand axe "Ewnainisch" {flame, rC++ rCorr
                  | Int-2 Stlth+}
 39524 | Swamp:3  | Acquired 275 gold pieces
 39667 | Swamp:4  | Entered Level 4 of the Swamp
 39688 | Swamp:3  | Reached skill level 5 in Evocations
 39834 | Swamp:4  | Noticed Aizul
 39845 | Swamp:3  | Killed Aizul
 39930 | Swamp:4  | Noticed Mara
 40013 | Swamp:4  | Noticed Ajdolov's illusion
 40102 | Swamp:4  | Noticed Ajdolov's illusion
 40134 | Swamp:4  | Killed Mara
 40232 | Swamp:4  | Noticed Bai Suzhen
 40247 | Swamp:4  | Killed Bai Suzhen
 40353 | Swamp:4  | Reached XP level 20. HP: 169/173 MP: 0/0
 40368 | Swamp:4  | Found a runed translucent door.
 40374 | Swamp:4  | Noticed kibaces's ghost (adept MiFi)
 40392 | Swamp:4  | Killed kibaces's ghost
 40553 | Swamp:4  | Got a decaying rune of Zot
 40665 | Swamp:4  | Noticed Kirke
 40673 | Swamp:4  | Killed Kirke
 40779 | Swamp:4  | Upgraded the game from 0.29-a0-22-gbf593b16ee to
                  | 0.29-a0-23-ga79f92ac9c
 41052 | Vaults:1 | Entered Level 1 of the Vaults
 41751 | Vaults:1 | Reached skill level 5 in Polearms
 42560 | Vaults:1 | Reached skill level 15 in Fighting
 42960 | Vaults:2 | Found a crumbling gateway.
 42970 | Desolati | Entered the Desolation of Salt
 42983 | Desolati | Reached skill level 10 in Evocations
 43197 | Vaults:2 | Reached XP level 21. HP: 134/182 MP: 0/0
 43197 | Vaults:2 | Learned a level 7 spell: Dragon Form
 44378 | Vaults:2 | Found a staircase to the Crypt.
 44651 | Vaults:3 | Noticed Jory
 44792 | Vaults:3 | Found a flickering gateway to a bazaar.
 44798 | Bazaar   | Entered a bazaar
 44798 | Bazaar   | Found Peasov's Book Emporium.
 44798 | Bazaar   | Found Huyppy's Magic Scroll Shoppe.
 44798 | Bazaar   | Found Qotav's Distillery.
 44798 | Bazaar   | Found Buycul's Antique Weapon Emporium.
 44798 | Bazaar   | Found Tuefan's Antique Weapon Emporium.
 44798 | Bazaar   | Found Gudaviax's General Store.
 44818 | Bazaar   | Bought a potion of might for 52 gold pieces
 44818 | Bazaar   | Bought 2 potions of mutation for 208 gold pieces
 44822 | Bazaar   | Bought a scroll of fear for 49 gold pieces
 44822 | Bazaar   | Bought a scroll of magic mapping for 49 gold pieces
 44822 | Bazaar   | Bought a scroll of teleportation for 42 gold pieces
 44822 | Bazaar   | Bought a scroll of holy word for 105 gold pieces
 44822 | Bazaar   | Bought a scroll of fear for 49 gold pieces
 44826 | Bazaar   | Bought the +4 ring mail "Agope" {Drain rF+ rC+ rN+} for 654
                  | gold pieces
 44977 | Vaults:3 | Noticed Sojobo
 45127 | Vaults:3 | Killed Sojobo
 45388 | Vaults:3 | Killed Jory
 45810 | Vaults:3 | Noticed Saint Roka
 45825 | Vaults:3 | Killed Saint Roka
 46387 | Vaults:3 | Reached XP level 22. HP: 161/187 MP: 0/0
 47022 | Vaults:3 | Identified the cursed +2 cloak "Share My Limitation"
                  | {Will+, Cun, Self} (You took it off Maurice on level 1 of
                  | the Orcish Mines)
 47022 | Vaults:3 | Identified the cursed +1 pair of gloves of Cremastomancy
                  | {Str+3, Evo, Self} (You found it on level 7 of the Dungeon)
 47022 | Vaults:3 | Identified the cursed +0 buckler of Ashenzari's Portent
                  | {Self, Fort} (You found it on level 2 of the Dungeon)
 47801 | Vaults:4 | Found a gateway to a bazaar.
 47813 | Bazaar   | Entered a bazaar
 47813 | Bazaar   | Found Moirri's Book Shop.
 47813 | Bazaar   | Found Idocso's Magic Scroll Emporium.
 47813 | Bazaar   | Found Xerunet's Distillery.
 47813 | Bazaar   | Found Lytuff's Distillery.
 47815 | Bazaar   | Found Exzaofru's Book Boutique.
 47853 | Bazaar   | Bought a potion of curing for 18 gold pieces
 47853 | Bazaar   | Bought a potion of mutation for 48 gold pieces
 47853 | Bazaar   | Bought a potion of curing for 18 gold pieces
 47853 | Bazaar   | Bought a potion of heal wounds for 30 gold pieces
 47866 | Bazaar   | Bought a potion of invisibility for 72 gold pieces
 47866 | Bazaar   | Bought a potion of curing for 27 gold pieces
 47866 | Bazaar   | Bought a potion of haste for 90 gold pieces
 47866 | Bazaar   | Bought a potion of haste for 90 gold pieces
 47866 | Bazaar   | Bought a potion of curing for 27 gold pieces
 47883 | Bazaar   | Bought a scroll of summoning for 152 gold pieces
 47883 | Bazaar   | Bought a scroll of summoning for 152 gold pieces
 47883 | Bazaar   | Bought a scroll of teleportation for 48 gold pieces
 47883 | Bazaar   | Bought a scroll of blinking for 120 gold pieces
 48989 | Elf:1    | Entered Level 1 of the Elven Halls
 49240 | Elf:1    | Noticed Nikola
 49246 | Elf:1    | Killed Nikola
 49624 | Elf:1    | Found Wolorumo's Jewellery Shoppe.
 49815 | Elf:2    | Found Zaenun's Antique Weapon Shoppe.
 50039 | Elf:2    | Found Ikiroilu's Antique Weapon Boutique.
 50050 | Elf:2    | Found Heid's General Store.
 50173 | Elf:2    | Found a runed translucent gate.
 50174 | Elf:2    | Found a runed translucent gate.
 50174 | Elf:2    | Found a runed translucent gate.
 50311 | Elf:3    | Entered Level 3 of the Elven Halls
 50351 | Elf:3    | Noticed Asterion
 50361 | Elf:3    | Killed Asterion
 50362 | Elf:3    | Reached XP level 23. HP: 143/201 MP: 0/0
 50362 | Elf:3    | Learned a level 8 spell: Necromutation
 51024 | Elf:3    | Found a runed translucent door.
 51028 | Elf:3    | Noticed Hasart's ghost (adept DgFi)
 51310 | Elf:3    | Killed from afar by a deep elf sorcerer

Illustrated notes

Levels and vault maps discovered:
D:1:      lightli_iron_boxes, layout_loops_corners, minmay_misc_feat_columns
D:2:      layout_basic, serial_shops, nicolae_shop_hallway_plus, minmay_domino_2
D:3:      layout_rooms, mainiacjoe_overflow_paths,
          gammafunk_ghost_nasty_kobolds, uniq_natasha
D:4:      layout_rooms, mainiacjoe_overflow_alcove_1, kennysheep_minor_cross,
          st_stairs_2
D:5:      layout_loops_ring, nicolae_hepliaklqana_ecumenical_no_more,
          minmay_temple_entry_offerings, nicolae_zen_rock_garden
D:6:      layout_gridville, kennysheep_ying_yang, lemuel_crystal_altar,
          mainiacjoe_overflow_cross_hatched, cheibrodos_sewer_entry_bend,
          uniq_menkaure, uniq_eustachio
D:7:      kennysheep_steamy, layout_loops_ring,
          mainiacjoe_overflow_tiny_flanked,
          chequers_temple_overflow_statue_of_worship, serial_shops,
          nicolae_shop_trees, enter_bailey_2
D:8:      layout_rooms, nicolae_qazlal_scattered_showers,
          grunt_ashenzari_visionary [grunt_ashenzari_visionary_swamp,
          grunt_ashenzari_visionary_spider], david_lair_shrubbed, serial_glass,
          glass_columns_a, glass_columns_b, kennysheep_generic_room_5
D:9:      layout_rooms, trog_book
D:10:     layout_small_grid, grunt_gozag_statues, zin_angel, enter_trove_0
D:11:     layout_basic
D:12:     cheibrodos_breeding_chamber, layout_loops_ring, orc_0_dummy
D:13:     layout_basic, minivault_1, minmay_misc_feat_cross
D:14:     layout_roguey, david_vaults_5, serial_shops, bzr_entry_safe,
          grunt_dithmenos_smoke, serial_curves, eino_curves_03, eino_curves_03,
          eino_curves_02, lightli_minifort
D:15:     hangedman_depths_entry_try_elsewhere_first, layout_basic,
          fiery_altar_vehumet
Temple:   corrupted_temple
Lair:1:   cheibrodos_lair_river_kwai, layout_loops_ring,
          infiniplex_staircase_pool_2
Lair:2:   layout_regular_city, grunt_megastairs_3, uniq_urug
Lair:3:   layout_cave_pods, lemuel_fruit_fields, serial_bayou_shore_a,
          uniq_snorg
Lair:4:   layout_hall_layers, swamp_mist_pool,
          hellmonk_spider_entry_not_the_bees, hangedman_lair_generics_rect
Lair:5:   layout_roguey
Lair:6:   wormcave, layout_hall_layers, guppyfry_lair_end_dragon,
          nicolae_slime_entry_slimehenge, gammafunk_ghost_abyssal_escape,
          small_statue_intersection, uniq_josephine
Swamp:1:  layout_basic_swamp, evilmike_swamp_ruin_wall
Swamp:2:  layout_basic_swamp, evilmike_swamp_ruin_rubble_1, uniq_roxanne
Swamp:3:  layout_basic_swamp, evilmike_swamp_ruin_house_1,
          infiniplex_staircase_pool
Swamp:4:  swamp_alternative, layout_basic_swamp, hellmonk_ghost_happy_afterlife,
          swamp_pool1, uniq_bai_suzhen, uniq_mara, uniq_kirke, uniq_aizul
Spider:1: nicolae_spider_hilbert_zone_1 [nicolae_spider_hilbert_4_sides_1_open,
          nicolae_spider_hilbert_4_sides_1_open,
          nicolae_spider_hilbert_4_sides_1_open,
          nicolae_spider_hilbert_4_sides_1_open,
          nicolae_spider_hilbert_3_sides_1_open,
          nicolae_spider_hilbert_3_sides_1_open,
          nicolae_spider_hilbert_3_sides_1_open,
          nicolae_spider_hilbert_3_sides_1_open,
          nicolae_spider_hilbert_3_sides_1_open,
          nicolae_spider_hilbert_6_sides_1_open,
          nicolae_spider_hilbert_6_sides_1_open,
          nicolae_spider_hilbert_3_sides_1_open,
          nicolae_spider_hilbert_3_sides_1_open,
          nicolae_spider_hilbert_3_sides_1_open,
          nicolae_spider_hilbert_3_sides_1_open,
          nicolae_spider_hilbert_2_sides_1_open], nicolae_spider_moth_buddies
Spider:2: layout_spider_delve, nicolae_spider_bug_shape, uniq_mlioglotl
Spider:3: layout_spider_delve, portal_ice_cave_entry_pillars_1,
          nicolae_spider_orb_run
Spider:4: grunt_spider_rune_parallel, hellmonk_motheaten_closet
Orc:1:    layout_caves, uniq_maurice
Orc:2:    pubby_orc_utopia, serial_shops
Elf:1:    nicolae_elf_arrival_fired_up, layout_loops_corners, serial_shops,
          shop, uniq_nikola
Elf:2:    nicolae_elf_blades_crystal_corner, layout_geoelf_grid, serial_shops,
          nicolae_shop_crystal, nicolae_shop_stone, shop, uniq_donald
Elf:3:    elf_hall, layout_loops_corners, ebering_ghost_inner_flame,
          lemuel_flame_loot_1, uniq_asterion
Vaults:1: v_alt_pattern_2, nicolae_vaults_little_squares_3,
          ontoclasm_vaults_eye, v_rooms_4, vaults_mumra_minichess_inversion,
          vaults_dpeg_cross, v_misc_17, grunt_vaults_diagonal, v_pattern_3,
          nicolae_vaults_little_squares_4, hangedman_vaults_trim,
          layout_vaults_omnibox
Vaults:2: portal_desolation_entry_nicolae_slug, v_misc_16, vaults_room_grid,
          vaults_mumra_hex, hangedman_vaults_stretched_pinwheel,
          grunt_vaults_bifocal, minmay_crypt_entry_simple_round,
          vaults_room_corners, layout_vaults_omnigrid
Vaults:3: v_misc_28, v_misc_3, vaults_dpeg_encased_lava,
          hangedman_vaults_stitches, ontoclasm_vaults_idyll, v_misc_33,
          nicolae_vaults_puzzle_piece, nicolae_vaults_theta,
          nicolae_vaults_border_crossing, layout_vaults_chaotic_city,
          serial_glass, serial_shops, bzr_entry_road, uniq_saint_roka,
          uniq_jory, uniq_sojobo
Vaults:4: grunt_vaults_focal, hangedman_vaults_hat, vaults_room_door_ring,
          nicolae_vaults_circle_grid_b, hangedman_vaults_stretched_pinwheel,
          nicolae_vaults_rhombus_6, nicolae_vaults_circle_grid_b, v_misc_1,
          nicolae_vaults_windows_and_doors_thing, v_misc_33,
          grunt_vaults_hallway_long, grunt_vaults_hallway_short,
          nicolae_vaults_sealed_display, hangedman_vaults_stagger,
          layout_vaults_omnicross, serial_shops, freezing_bzr

Skill      XL: |  1  2  3  4  5  6  7  8  9 10 11 12 13 14 15 16 17 18 19 20 21 22 23 |
---------------+----------------------------------------------------------------------+-----
Spellcasting   | 4 5 6 7 8 10 11 12 14 15 16 17 18 | 18.8
Fighting       | 10 11 12 13 14 15 16 | 16.5
Shields        | 4 8 10 11 12 13 | 13.1
Dodging        | 5 9 10 11 12 13 14 | 14.5
Armour         | 2 6 9 10 12 | 12.1
Evocations     | 7 10 12 14 | 14.4
Polearms       | 3 5 7 9 |  9.6
Stealth        | |  1.5

Action                   |  1- 3 |  4- 6 |  7- 9 | 10-12 | 13-15 | 16-18 | 19-21 | 22-24 || total
-------------------------+-------+-------+-------+-------+-------+-------+-------+-------++-------
Melee: Unarmed           |     9 |       |       |       |       |       |       |       ||     9
       Dagger            |     2 |     4 |    39 |     4 |    15 |       |       |       ||    64
       Short sword       |       |    11 |    14 |       |       |       |       |       ||    25
       Spear             |       |       |       |       |     4 |    19 |    16 |    25 ||    64
 Cast: Magic Dart        |    74 |    63 |    42 |    36 |     1 |       |       |       ||   216
       Searing Ray       |       |     8 |    15 |     1 |       |     1 |       |       ||    25
       Dazzling Flash    |       |     1 |     3 |       |       |       |       |       ||     4
       Poisonous Vapours |       |       |     1 |     3 |       |       |       |       ||     4
       Fulminant Prism   |       |       |    33 |    45 |    94 |    15 |    11 |     8 ||   206
       Pain              |       |       |     1 |       |       |     1 |     5 |       ||     7
       Flame Wave        |       |       |     7 |    17 |     1 |     1 |     3 |       ||    29
       Iskenderun's Myst |       |       |     3 |    23 |    90 |   177 |   245 |    94 ||   632
       Hailstorm         |       |       |       |    52 |    85 |    64 |    64 |    29 ||   294
       Lee's Rapid Decon |       |       |       |       |   231 |   175 |    89 |    68 ||   563
       Summon Cactus Gia |       |       |       |       |     1 |     1 |     1 |     1 ||     4
       Orb of Destructio |       |       |       |       |       |   154 |   260 |   116 ||   530
       Enfeeble          |       |       |       |       |       |       |     3 |       ||     3
       Dragon Form       |       |       |       |       |       |       |       |     1 ||     1
       Necromutation     |       |       |       |       |       |       |       |     1 ||     1
Invok: Curse Item        |       |       |       |     3 |     7 |     2 |       |     1 ||    13
       Shatter the Chain |       |       |       |       |     2 |     1 |     1 |     1 ||     5
 Abil: Breathe Fire      |       |       |       |       |       |       |       |     1 ||     1
Evoke: Wand              |       |       |     1 |       |       |     5 |     2 |       ||     8
       Phial of floods   |       |       |       |       |       |       |       |     1 ||     1
  Use: Potion            |       |       |     3 |     2 |     1 |       |       |       ||     6
       Scroll            |       |       |       |    13 |     4 |       |     1 |       ||    18
 Stab: Sleeping          |       |       |       |     1 |       |     1 |       |       ||     2
Armor: Robe              |     5 |     2 |    18 |     3 |       |       |       |       ||    28
       Steam dragon scal |       |       |       |    35 |     4 |       |       |       ||    39
       Ring mail         |       |       |       |       |    19 |    46 |    46 |    15 ||   126
Dodge: Dodged            |     3 |    20 |    57 |    56 |    34 |    91 |   129 |    49 ||   439
Block: Buckler           |       |       |       |     7 |    26 |    43 |    63 |    23 ||   162
       Kite shield       |       |       |       |       |       |       |       |    17 ||    17

Table legend: (Time is in decaauts)
 A = Elapsed time spent in this place.
 B = Non-inter-level travel time spent in this place.
 C = Inter-level travel time spent in this place.
 D = Time resting spent in this place.
 E = Time spent auto-exploring this place.
 F = Levels seen in this place.
 G = Mean time per level.
                   A        B        C        D        E       F      G
               +--------+--------+--------+--------+--------+-----+--------+
         Total |  51414 |  48849 |   2565 |  14274 |  25298 |  45 | 1142.5 |
       Dungeon |  20060 |  18954 |   1106 |   6124 |  10368 |  15 | 1337.3 |
        Temple |    228 |    228 |      0 |    171 |     30 |   1 |  228.0 |
          Lair |  10593 |   9979 |    614 |   3576 |   5317 |   6 | 1765.5 |
         Swamp |   2853 |   2752 |    101 |    668 |   1452 |   4 |  713.2 |
   Spider Nest |   4140 |   3956 |    184 |    866 |   1931 |   4 | 1035.0 |
  Orcish Mines |   2290 |   2105 |    185 |    172 |   1008 |   2 | 1145.0 |
   Elven Halls |   2309 |   2279 |     30 |    350 |   1347 |   3 |  769.7 |
        Vaults |   7479 |   7137 |    342 |   1832 |   3535 |   4 | 1869.8 |
        Bazaar |    203 |    203 |      0 |      0 |     94 |   3 |   67.7 |
        Bailey |    987 |    987 |      0 |    485 |    141 |   1 |  987.0 |
      Ice Cave |    216 |    216 |      0 |     30 |     75 |   1 |  216.0 |
    Desolation |     50 |     50 |      0 |      0 |      0 |   1 |   50.0 |
               +--------+--------+--------+--------+--------+-----+--------+

Top non-repeatable levels by time:
  Lair:6: 2520 daAuts
     D:5: 2472 daAuts
Vaults:3: 2423 daAuts
  Lair:4: 2266 daAuts
    D:12: 2029 daAuts
  Lair:1: 1917 daAuts
  Lair:3: 1912 daAuts
   Orc:2: 1897 daAuts
     D:8: 1823 daAuts
Vaults:2: 1724 daAuts
Vaults:1: 1716 daAuts
Vaults:4: 1615 daAuts
     D:1: 1540 daAuts
Spider:1: 1503 daAuts
     D:9: 1491 daAuts
